 Dungeon Crawl Stone Soup version 0.31.0-11-ge490571c62 (webtiles) character file.

Game seed: 13995687513562057181

481 qw the Skirmisher (level 6, -1/35 HPs)
             Began as a Deep Elf Hunter on Feb 4, 2024.
             Slain by a gnoll
             ... wielding a +0 halberd
              (2 damage)
             ... on level 4 of the Dungeon.
             The game lasted 00:00:11 (2674 turns).

qw the Skirmisher (Deep Elf Hunter)                 Turns: 2674, Time: 00:00:12

Health: -1/35      AC:  8    Str: 10    XL:     6   Next: 87%
Magic:  8/8        EV: 11    Int: 14    God:
Gold:   128        SH:  0    Dex: 18    Spells: 5/5 levels left

rFire   . . .        a - +0 shortbow
rCold   . . .        (shield currently unavailable)
rNeg    + . .        i - +0 ring mail
rPois   .            (no helmet)
rElec   .            e - +2 cloak
rCorr   .            (no gloves)
SInv    .            (no boots)
Will    .....        (no amulet)
Stlth   +            g - ring of positive energy
HPRegen 0.25/turn    (no ring)
MPRegen 0.11/turn

%: no passive effects
@: about to teleport
A: no striking features
a: no special abilities


You were on level 4 of the Dungeon.
You visited 1 branch of the dungeon, and saw 4 of its levels.

You collected 128 gold pieces.


   Skills:
 - Level 2.1 Fighting
 + Level 10.2 Ranged Weapons
 - Level 1.0 Armour
 - Level 3.0 Dodging
 - Level 1.2 Stealth


You had 5 spell levels left.
You didn't know any spells.
Your spell library was empty.

Inventory:

Hand Weapons
 a - a +0 shortbow (weapon)
Armour
 e - a +2 cloak (worn)
 i - a +0 ring mail (worn)
Jewellery
 g - a ring of positive energy (left hand)
Wands
 d - a wand of iceblast (9)
Scrolls
 n - a scroll of identify
Potions
 c - a potion of curing
 f - a potion of resistance
 h - a potion of magic {unknown}
 j - 2 potions of mutation {unknown}
 k - a potion of enlightenment {unknown}
 l - a potion of might {unknown}
 m - a potion of heal wounds {unknown}

Dungeon Overview and Level Annotations

Branches:
Dungeon (4/15)
 Temple: D:4-7

Altars:

Shops:
D:2 (


Message History

A gnoll comes into view. It is wielding a +0 halberd.
You shoot an arrow.
The arrow hits the gnoll but does no damage.
An endoplasm comes into view.
You shoot an arrow. The arrow hits the gnoll.
The gnoll is lightly wounded.
A dart slug comes into view.
You shoot an arrow. The arrow hits the gnoll.
The gnoll is moderately wounded.
You shoot an arrow. The arrow hits the gnoll.
The gnoll is severely wounded.
You shoot an arrow. The arrow completely misses the gnoll.
The orc barely misses you. The gnoll closely misses you. x2
The gnoll hits you but does no damage.
You shoot an arrow. The arrow hits the gnoll.
You kill the gnoll!
The orc closely misses you. The gnoll hits you with a +0 flail!
The gnoll hits you from afar with a +0 halberd!
You shoot an arrow. The arrow barely misses the gnoll.
The gnoll closely misses you. The orc closely misses you.
The gnoll barely misses you.
You shoot an arrow. The arrow hits the gnoll.
The gnoll is moderately wounded.
The orc barely misses you. The gnoll misses you. The gnoll barely misses you.
The endoplasm barely misses you.
You shoot an arrow. The arrow hits the gnoll.
The gnoll is severely wounded.
The orc barely misses you. The endoplasm barely misses you.
The gnoll hits you but does no damage.
The gnoll hits you from afar with a +0 halberd!
You shoot an arrow. The arrow barely misses the gnoll.
The gnoll hits you with a +0 flail. The orc barely misses you.
The endoplasm hits you but does no damage.
The gnoll misses you.
2674 ||| READING scroll of teleportation.
As you read the scroll of teleportation, it crumbles to dust.
You feel strangely unstable. The orc closely misses you.
The gnoll hits you with a +0 flail.
The gnoll hits you from afar with a +0 halberd.
You die...

...##.###..### ##
##.......
........#..##### ^#
##......
......#.).......##.#
#......
..##......#####....###
....). .......)..##
##.....##.
..####.)#..####.........
. ##...............).
##..####..)o.).... #..#
#..@Jg..... ##.#
#...g......
.........w......
#.####.......... #..
##......... #.
##....|##. #######


You could see 2 gnolls, a dart slug, an orc and an endoplasm.

Vanquished Creatures
  2 scorpions (D:4)
  2 bombardier beetles
  A hound (D:4)
  An iguana (D:4)
  3 orc wizards
  5 gnolls (D:4)
  5 adders
  A dart slug (D:1)
  A ribbon worm (D:2)
  10 orcs
  7 ball pythons
  An endoplasm (D:1)
  5 giant cockroaches
  4 goblins
  4 hobgoblins
  3 quokkas
  3 bats
  6 frilled lizards
  A kobold (D:1)
  5 rats
70 creatures vanquished.

Notes
Turn   | Place    | Note
-------+----------+-------------------------------------------
     0 | D:1      | qw the Deep Elf Hunter began the quest for the Orb.
     0 | D:1      | Reached XP level 1. HP: 12/12 MP: 3/3
     0 | D:1      | 0 ||| qw: Version: 0.3-a-160-g6735b56
     0 | D:1      | 0 ||| qw: Game counter: 5485
     0 | D:1      | 0 ||| qw: Melee chars always use a shield: true
     0 | D:1      | 0 ||| qw: God list: Okawaru
     0 | D:1      | 0 ||| qw: Allow faded altars: false
     0 | D:1      | 0 ||| qw: Do Orc after clearing Dungeon:15 true
     0 | D:1      | 0 ||| qw: Do second Lair branch before Depths: true
     0 | D:1      | 0 ||| qw: Lair rune preference: random
     0 | D:1      | 0 ||| qw: Goals: Normal
     0 | D:1      | 0 ||| PLANNING D:1-11
   182 | D:1      | Reached XP level 2. HP: 16/16 MP: 4/4
   197 | D:1      | Reached skill level 6 in Ranged Weapons
   978 | D:1      | 978 ||| UPGRADING to +2 cloak.
   983 | D:1      | 983 ||| READING scroll labelled WAUSIT WEOMEURRIS.
   984 | D:1      | 984 ||| READING 2 scrolls labelled NUR ZOS JAPT.
   985 | D:1      | 985 ||| READING scroll labelled KETAZI WIUTO.
   985 | D:1      | 985 ||| IDENTIFYING sedimented purple potion
   986 | D:1      | 986 ||| READING scroll labelled BEOMU PUOMONT.
   987 | D:1      | 987 ||| DROPPING scroll of butterflies.
   988 | D:1      | 988 ||| DROPPING scroll of poison.
   990 | D:1      | 990 ||| Stepping ~*~*~tactically~*~*~ (cloud).
   991 | D:1      | 991 ||| DRINKING potion of curing.
   991 | D:1      | 991 ||| (to cure poison)
  1110 | D:2      | Reached XP level 3. HP: 20/20 MP: 5/5
  1238 | D:2      | Found Cuumuraesm's Weapon Emporium.
  1378 | D:2      | 1378 ||| UPGRADING to +0 ring mail.
  1388 | D:2      | 1388 ||| DROPPING +0 leather armour.
  1389 | D:2      | 1389 ||| UPGRADING to ring of positive energy.
  1390 | D:2      | 1390 ||| READING scroll labelled LUFEDU GEJEVEJ.
  1395 | D:2      | 1395 ||| DRINKING 3 cyan potions.
  1396 | D:2      | 1396 ||| DRINKING 2 fuming puce potions.
  1397 | D:2      | 1397 ||| DROPPING 2 potions of attraction.
  1398 | D:2      | 1398 ||| DROPPING potion of brilliance.
  1439 | D:3      | Reached skill level 7 in Ranged Weapons
  1439 | D:3      | Reached XP level 4. HP: 25/25 MP: 6/6
  1544 | D:3      | Reached skill level 8 in Ranged Weapons
  1777 | D:3      | Reached XP level 5. HP: 27/29 MP: 7/7
  1973 | D:3      | Found a faded altar of an unknown god.
  2144 | D:3      | 2144 ||| READING scroll of identify.
  2144 | D:3      | 2144 ||| IDENTIFYING ruby potion
  2176 | D:4      | 2176 ||| STAIRDANCE
  2185 | D:4      | 2185 ||| STAIRDANCE
  2203 | D:4      | 2203 ||| STAIRDANCE
  2245 | D:4      | Noticed an ice beast
  2246 | D:4      | 2246 ||| FLEEEEING.
  2270 | D:4      | Reached skill level 9 in Ranged Weapons
  2381 | D:4      | Reached XP level 6. HP: 32/35 MP: 8/8
  2410 | D:4      | HP: 8/35 [poisoned by a scorpion]
  2411 | D:4      | Reached skill level 10 in Ranged Weapons
  2415 | D:4      | HP: 4/35 [poisoned by a scorpion]
  2572 | D:4      | Reached skill level 3 in Dodging
  2662 | D:4      | Reached skill level 1 in Armour
  2673 | D:4      | HP: 5/35 [gnoll/+0 flail (4)]
  2674 | D:4      | 2674 ||| READING scroll of teleportation.
  2674 | D:4      | HP: 1/35 [gnoll/+0 flail (4)]
  2674 | D:4      | Slain by a gnoll

Levels and vault maps discovered:
D:1:      lemuel_arrival_funnel, layout_loops_corners, hangedman_decor_points,
          minmay_misc_feat_rugged, grunt_decor_fettered, minmay_strange_pillars,
          minmay_tromino_v4_a
D:2:      layout_rooms, serial_shops, shop
D:3:      layout_loops_ring, ebering_ecumenical_altar_rust
D:4:      layout_rooms, grunt_temple_overflow_order_and_chaos_2,
          kennysheep_crisscross, minmay_crystal_water

Skill      XL: |  1  2  3  4  5  6 |
---------------+-------------------+-----
Ranged Weapons | 6 7 8 9 10 | 10.2
Fighting       | 2 |  2.1
Dodging        | 3 |  3.0
Armour         | 1 |  1.0
Stealth        | |  1.2

Action                     |  1- 3 |  4- 6 || total
---------------------------+-------+-------++-------
   Fire: Shortbow          |    80 |   183 ||   263
    Use: Scroll            |     5 |     2 ||     7
         Potion            |     3 |       ||     3
 Armour: Leather armour    |    11 |       ||    11
         Ring mail         |       |    82 ||    82
  Dodge: Dodged            |     7 |    74 ||    81

Table legend:
 A = Non-vault XP
 B = Vault XP
 C = Vault XP percentage of total XP
 D = Non-vault monster count
 E = Vault monster count
 F = Vault count percentage of total count
                 A         B        C        D         E       F
            +---------+---------+-------+---------+---------+-------
      Total |     684 |       4 |   0.6 |      67 |       3 |   4.3
            +---------+---------+-------+---------+---------+-------
        D:1 |      28 |       4 |  12.5 |      16 |       3 |  15.8
        D:2 |      29 |       0 |   0.0 |      10 |       0 |   0.0
        D:3 |     158 |       0 |   0.0 |      21 |       0 |   0.0
        D:4 |     469 |       0 |   0.0 |      20 |       0 |   0.0
            +---------+---------+-------+---------+---------+-------
